 Dungeon Crawl Stone Soup version 0.19.1 (webtiles) character file.

284 Nakatomy the Archer (level 6, -1/48 HPs)
             Began as a Centaur Hunter on Dec 25, 2016.
             Slain by an orc
             ... wielding a +0 trident
              (2 damage)
             ... on level 4 of the Dungeon.
             The game lasted 00:11:29 (3957 turns).

Nakatomy the Archer (Centaur Hunter)                Turns: 3957, Time: 00:11:30

Health: -1/48      AC:  7    Str: 14    XL:     6   Next: 7%
Magic:  6/6        EV:  7    Int: 10    God:
Gold:   74         SH:  0    Dex: 12    Spells: 0 memorised, 5 levels left

rFire  . . .     SeeInvis .     b - +0 short sword
rCold  . . .     Gourm    .     e - +0 scale mail
rNeg   . . .     Faith    .     (no shield)
rPois  .         Spirit   .     (no helmet)
rElec  .         Reflect  .     (no cloak)
rCorr  .         Harm     .     (no gloves)
MR     .....                    (no barding)
Stlth  ..........               (no amulet)
                                (no ring)
                                r - +1 ring of protection

@: very quick
A: hooves 3, deformed body, speed 2, tough skin 3
a: no special abilities


You were on level 4 of the Dungeon.
You were hungry.

You visited 1 branch of the dungeon, and saw 4 of its levels.

You collected 74 gold pieces.

Inventory:

Hand Weapons
 a - a +1 shortbow
 b - a +0 short sword (weapon)
Missiles
 d - 4 arrows
Armour
 c - a +0 leather armour
 e - a +0 scale mail (worn)
Jewellery
 r - a +1 ring of protection (left hand)
Scrolls
 h - a scroll of remove curse
 k - a scroll of teleportation
 m - a scroll of identify
Potions
 i - a potion of brilliance
 l - a potion of heal wounds {unknown}
 o - a potion of haste {unknown}
 p - a potion of curing
Comestibles
 f - 3 bread rations
 j - a beef jerky
 n - a royal jelly
 q - a meat ration


   Skills:
 - Level 2.0 Fighting
 + Level 9.6 Bows
 - Level 1.3 Dodging
 - Level 0.4 Stealth


You had 5 spell levels left.
You didn't know any spells.

Dungeon Overview and Level Annotations

Branches:
Dungeon (4/15)
 Temple: D:4-7

Altars:
Elyvilon
Makhleb
Qazlal

Annotations:
D:3 Grinder


Innate Abilities, Weirdness & Mutations

You have hooves in place of feet.
Armour fits poorly on your strangely shaped body.
You cover ground very quickly.
You have extremely tough skin. (AC +3)


Message History

The leopard gecko bites you but does no damage.
The orc priest invokes the aid of Beogh against you.
Beogh smites you!
The leopard gecko hisses menacingly.
The orc hits you with a club.
The orc priest calls down the wrath of Beogh upon you.
Beogh smites you!
* * * LOW HITPOINT WARNING * * *
The orc hits you but does no damage. The iguana bites you!
* * * LOW HITPOINT WARNING * * *
You hit the rat zombie.
The rat zombie is severely damaged.
The orc hits you but does no damage. The iguana barely misses you.
You hit the rat zombie.
You destroy the rat zombie!
The orc hits you but does no damage. The iguana bites you.
* * * LOW HITPOINT WARNING * * *
The orc hits you but does no damage. The orc hits you with a trident.
You die...

#.<#.#
######..#$#
.........#.#
#.######.#.###
#....o..l.#
#.###l###.#
#l#.#.# ##
#.#.#o#.#
..#..o@.#l## #.
#.#.....#Z.# #..
#.#######..#
#...#...Zo.....#
#.........o.o..#
........#.######
##........#
##########


You could see an iguana, 3 orcs and a leopard gecko.

Vanquished Creatures
  An ogre (D:4)
  A scorpion (D:4)
  A hound (D:3)
  2 adders (D:3)
  An ooze (D:2)
  An adder skeleton (D:3)
  A worm (D:4)
  5 dart slugs
  A ball python (D:3)
  9 bats
  9 giant cockroaches
  6 goblins
  15 hobgoblins
  6 jackals
  2 quokkas
  2 frilled lizards (D:2)
  6 kobolds
  11 rats
  A rat zombie (D:4)
  A plant (D:1)
82 creatures vanquished.

Notes
Turn   | Place    | Note
-------+----------+-------------------------------------------
     0 | D:1      | Nakatomy the Centaur Hunter began the quest for the Orb.
     0 | D:1      | Reached XP level 1. HP: 17/17 MP: 1/1
   346 | D:1      | Reached XP level 2. HP: 15/24 MP: 2/2
   380 | D:1      | Reached skill level 6 in Bows
  1174 | D:1      | Reached XP level 3. HP: 29/29 MP: 3/3
  1641 | D:2      | Reached skill level 7 in Bows
  2040 | D:2      | Found a burning altar of Makhleb.
  2291 | D:2      | Reached XP level 4. HP: 36/36 MP: 4/4
  2713 | D:3      | Found a white marble altar of Elyvilon.
  2994 | D:3      | Reached skill level 8 in Bows
  3006 | D:3      | Noticed Grinder
  3042 | D:3      | Paralysed by Grinder for 6 turns
  3098 | D:4      | Reached XP level 5. HP: 7/41 MP: 5/5
  3236 | D:4      | Noticed an ogre
  3268 | D:4      | Killed an ogre
  3268 | D:4      | Reached skill level 9 in Bows
  3340 | D:3      | Reached XP level 6. HP: 14/48 MP: 6/6
  3749 | D:3      | Found a stormy altar of Qazlal.
  3916 | D:4      | Found a sand-covered staircase.
  3955 | D:4      | HP: 1/48 [iguana (3)]
  3957 | D:4      | Slain by an orc

Skill      XL: |  1  2  3  4  5 |
---------------+----------------+-----
Bows           | 6 7 8 9 |  9.6
Fighting       | |  2.0
Dodging        | |  1.3
Stealth        | |  0.4

Action                   |  1- 3 |  4- 6 || total
-------------------------+-------+-------++-------
Melee: Short sword       |   330 |   151 ||   481
       Kick              |    81 |    34 ||   115
 Fire: Shortbow          |       |    49 ||    49
  Use: Scroll            |       |     3 ||     3
       Potion            |       |     1 ||     1
  Eat: Chunk             |     4 |     4 ||     8
Armor: Leather armour    |    21 |       ||    21
       Scale mail        |   116 |   142 ||   258
Dodge: Dodged            |    93 |    89 ||   182
